Unix xNetHack Version 7.1.0 - last build Jul 19 2022 04:02:08 (a8c4666137c2c631a57c77f6261166d76d9e3895). Game began 2022-07-21 09:47:34, ended 2022-07-21 09:56:43. Raisse, neutral female gnomish Wizard --- ------- -- --.. --- ----- ----.|.|(-- ------- --- -.--...--.- |...----.........| |..--.---.-- .......... |....--.........- --..........| ........- --..............| |...........| ---- -.......| |...............| |..........-- --- ---------..| --.......# -...........G..| --<..---.|..--------.-- |..--.--...---- |........#- #-..............| --.-- --|............-----.........*...-- |...##....--#..............- --- |.---------.....................--- ## #.*................G.- |. --------.-..............---- #....--............--| -. |..................*| -###..................- . -- |--..--.--.|.....^-.----....-----..|...---.....| .. --.--...-|-------..|.........---- -----..| --....| .. |........--- --------..##-- ---- -.--- -.. --..........---- -->.- -- ---- |..............| --.. --.............| .... --..*....--.--- ..- --------- -- --- Raisse the Conjurer St:11 Dx:13 Co:17 In:15 Wi:10 Ch:11 Neutral Dlvl:4 $:20 HP:0(19) Pw:39(39) AC:5 Xp:3/74 T:1988 Latest messages: The iguana bites! You miss the iguana. You miss the iguana. You stab the iguana. You kill the iguana! What do you want to eat? [ew or ?*] e This food really hits the spot! You no longer feel hungry. You finish eating the food ration. You swap places with the peaceful gnome. You hear crashing rock. You hear crashing rock. You swap places with the peaceful gnome. You hear crashing rock. A gush of water hits your left arm! You hear a B flat squeak in the distance. You miss the lichen. The lichen misses! You hit the lichen. You feel more confident in your weapon skills. You stab the lichen. You miss the lichen. You hear crashing rock. The lichen touches you! You miss the lichen. The giant bat bites! You impale the lichen. The giant bat misses! The giant bat bites! In what direction? k The spell hits the giant bat! You kill the giant bat! You kill the lichen! You see here a blindfold. A - a blindfold {2}. D - a lichen corpse {20}. You see here a food ration. E - a food ration {20}. You see here a bag. A trap door in the ceiling opens and a rock falls on your head! Fortunately, you are wearing a hard helmet. What do you want to adjust? [agjl-or-twyA-EH or ?*] E Adjust letter to what [b-fhikpquvxzE-GI-Z] (? see used letters)? e Moving: e - a food ration {20}. You carefully open the bag... It develops a huge set of teeth and bites you! You die... Do you want your possessions identified? [ynq] (y) y Do you want to see your attributes? [ynq] (y) y Do you want an account of creatures vanquished? [ynaq] (y) q Major events: Turn 1: Raisse the neutral female gnomish Wizard entered the dungeon 1817: entered the Gnomish Mines 1829: attained the rank of Conjurer (level 3) 1988: killed by a carnivorous bag Inventory: Inventory: 231/750 weight (18/52 slots) Coins $ - 20 gold pieces {1} Amulets y - an uncursed amulet of guarding (being worn) {20} Weapons a - an uncursed +0 orcish dagger (weapon in hand) {10} t - a blessed +1 quarterstaff (alternate weapon; not wielded) {40} Armor B - an uncursed burnt +0 pair of high boots (being worn) {15} C - an uncursed +0 cloak of magic resistance (being worn) {8} H - an uncursed +0 orcish helm (being worn) {23} Comestibles e - an uncursed food ration {20} w - an uncursed strange object {5} D - an uncursed lichen corpse {20} Scrolls j - an uncursed scroll of enchant weapon {5} l - an uncursed scroll of fire {5} m - an uncursed scroll of teleportation {5} n - an uncursed scroll of scare monster {5} o - an uncursed scroll of food detection {5} Potions r - an uncursed potion of fruit juice {20} Rings s - an uncursed +1 ring of increase accuracy {3} Tools g - an uncursed oil lamp {20} A - an uncursed blindfold {2} Raisse the Wizard's attributes: Background: You were a Conjurer, a level 3 female gnomish Wizard. You were neutral, nominally on a mission for Thoth who was opposed by Ptah (lawful) and Anhur (chaotic). You were bisexual. You were in the Gnomish Mines, on level 4. You entered the dungeon 1988 turns ago. You had 74 experience points, 6 more were needed to attain level 4. Basics: You had 0 out of 19 hit points. You had all 39 energy points (spell power). Your armor class was 5. Your wallet contained 20 zorkmids. Autopickup was on for '$!?/"=+' plus thrown, with exceptions. Final Characteristics: Your strength was 11 (limit:18/50). Your dexterity was 13 (limit:18). Your constitution was 17 (limit:18). Your intelligence was 15 (limit:19). Your wisdom was 10 (limit:18). Your charisma was 11 (limit:18). Final Status: You were not hungry. You were unencumbered. You were wielding a dagger. You were unskilled in dagger and could have enhanced that. Final Attributes: You were devoutly aligned. You were magic-protected. You had infravision. You had a small defense bonus (+2). You were protected. You are dead. Miscellaneous: You never encountered a bones level. Total elapsed playing time was 9 minutes and 9 seconds. Vanquished creatures: a shrieker a kitten a homunculus a giant bat a werejackal an iguana a giant rat 2 geckos 5 jackals a fox a goblin 4 grid bugs 3 lichens a kobold zombie 5 newts 29 creatures vanquished. No species were genocided or became extinct. Voluntary challenges: You were an atheist. You read items or engraved 3 times. You never genocided any monsters. You never polymorphed an object. You never changed form. You never touched an artifact. You used no wishes. You never scared an enemy with impunity. You were celibate. You never generated conflict. Achievements: You entered a shop. You entered the Gnomish Mines. You attained the rank of Conjurer. The Dungeons of Doom: levels 1 to 3 Level 1: Level 2: "spb (+ hard n/i)" A fountain. Level 3: A jewelry shop, a fountain. Stairs down to The Gnomish Mines. The Gnomish Mines: Level 4: <- You were here. Final resting place for you, killed by a carnivorous bag. Game over: __________ / \ / REST \ / IN \ / PEACE \ / \ | Raisse | | 20 Au | | killed by a | | carnivorous bag | | | | | | 2022 | *| * * * | * _________)/\\_//(\/(/\)/\//\/|_)_______ Goodbye Raisse the Wizard... You died in The Gnomish Mines on dungeon level 4 with 464 points, and 20 pieces of gold, after 1988 moves. You were level 3 with a maximum of 19 hit points when you died.